AoeStats
← ☆寒星霞芒☆

Oasis

507977902Analyzed
4v4 RM · 13d ago on Sep 20, 2026· 52m 7s· 8 players
Game mode
Random Map
Map size
Large (8 player)
Population
200
Speed
Normal
Resources
Standard
Victory
Conquest
Starting age
Dark Age
Ending age
Imperial Age
RankedLock teamsTeams togetherTeam positionsShared explorationLock speedFull tech treeHidden civsTurbo modeCheats
Victory
Defeat
🇯🇵 Saracens · Japan
1295
+17
🇬🇧 Ethiopians · United Kingdom
1286
+17
🇫🇮 Inca · Finland
1245
+19
🇵🇪 Berbers · Peru
1192
+21
🇨🇳 Ethiopians · China
1314
-19
🇨🇳 Wei · China
1307
-18
🇨🇳 Jurchens · China
1263
-17
Finarfin
6:42 Loom
10:49 Feudal Age
11:20 Double-Bit Axe
11:01 Champi Runner
15:30 Wheelbarrow
15:15 Town Watch
19:06 Horse Collar
20:11 Gold Mining
22:34 Castle Age
21:48 Stone Mining
23:38 Hand Cart
23:25 Heavy Plow
23:35 Bow Saw
24:02 Gold Shaft Mining
25:30 Scale Mail Armor
25:32 Fletching
25:43 Padded Archer Armor
27:00 Bodkin Arrow
27:38 Thumb Ring
28:08 Crossbowman
32:26 Leather Archer Armor
33:01 Ballistics
34:03 Stone Shaft Mining
40:02 Imperial Age
39:53 Town Patrol
40:06 Masonry
39:51 Murder Holes
41:03 Conscription
41:20 Hoardings
40:52 Bracer
42:09 Ring Archer Armor
43:39 Chemistry
42:41 Arbalester
43:15 Treadmill Crane
45:57 Scale Mail Armor
46:07 Forging
45:18 Pikeman
45:59 Squires
45:45 Arson
45:44 Sappers
46:19 Halberdier
46:25 Elite Kamayuk
48:10 Fabric Shields
48:42 Chain Mail Armor
49:02 Iron Casting
50:08 Iron Casting
50:04 Plate Mail Armor
49:20 Capped Ram
50:14 Siege Ram
Strong
11:53 Feudal Age
12:27 Double-Bit Axe
12:43 Horse Collar
13:11 Gold Mining
18:15 Castle Age
19:03 Forging
18:59 Scale Barding Armor
19:41 Gold Shaft Mining
19:27 Bow Saw
21:08 Bloodlines
20:59 Husbandry
24:13 Chain Barding Armor
27:30 Iron Casting
FirstPine3880
6:37 Loom
9:28 Feudal Age
10:33 Double-Bit Axe
15:19 Fletching
21:28 Castle Age
21:36 Crossbowman
23:02 Padded Archer Armor
26:31 Horse Collar
30:58 Bodkin Arrow
32:10 Ballistics
33:58 Wheelbarrow
33:38 Bow Saw
33:35 Heavy Plow
35:27 Gold Mining
41:19 Imperial Age
39:04 Thumb Ring
40:42 Leather Archer Armor
42:18 Gold Shaft Mining
41:23 Arbalester
42:34 Conscription
42:48 Bracer
43:19 Ring Archer Armor
45:49 Chemistry
46:04 Hand Cart
46:38 Siege Engineers
grifon_5th
6:33 Loom
9:12 Feudal Age
10:01 Double-Bit Axe
10:24 Horse Collar
15:59 Wheelbarrow
17:38 Scale Barding Armor
18:40 Forging
20:47 Castle Age
19:56 Bloodlines
20:25 Gold Mining
21:32 Husbandry
22:35 Iron Casting
28:32 Bow Saw
29:26 Hand Cart
34:05 Imperial Age
32:35 Chain Barding Armor
32:08 Stone Mining
32:24 Heavy Plow
34:38 Gold Shaft Mining
34:36 Town Watch
34:45 Heavy Camel Rider
36:24 Plate Barding Armor
36:50 Blast Furnace
36:42 Conscription
39:32 Hoardings
42:33 Chemistry
41:44 Masonry
41:43 Siege Engineers
42:45 Counterweights
42:40 Fletching
44:52 Bodkin Arrow
icu monster
11:48 Feudal Age
16:03 Castle Age
15:16 Horse Collar
15:53 Scale Barding Armor
16:54 Double-Bit Axe
18:29 Gold Mining
21:29 Bloodlines
22:44 Heavy Plow
23:43 Chain Barding Armor
24:35 Wheelbarrow
24:21 Loom
24:21 Town Watch
24:21 Loom
26:17 Forging
26:57 Gold Shaft Mining
26:40 Bow Saw
26:53 Husbandry
29:40 Hand Cart
31:26 Pikeman
32:08 Scale Mail Armor
33:42 Squires
36:27 Iron Casting
44:27 Chain Mail Armor
44:55 Arson
48:45 Light Cavalry
51:13 Gold Shaft Mining
50:31 Stone Mining
休眠玩家 精锐条顿骑士 一步杀十人
0:29 Loom
11:43 Feudal Age
17:40 Castle Age
18:14 Double-Bit Axe
20:49 Horse Collar
24:38 Wheelbarrow
25:55 Heavy Plow
26:11 Bow Saw
28:01 Gold Mining
28:58 Crossbowman
30:21 Fletching
34:14 Bodkin Arrow
34:28 Thumb Ring
35:00 Padded Archer Armor
36:27 Ballistics
39:38 Imperial Age
39:04 Hand Cart
38:34 Town Watch
39:30 Leather Archer Armor
40:30 Bracer
41:43 Chemistry
41:57 Ring Archer Armor
41:21 Elite Plumed Archer
46:23 Two-Man Saw
46:30 Stone Mining
50:17 Masonry
☆寒星霞芒☆
11:03 Feudal Age
13:18 Double-Bit Axe
16:03 Castle Age
13:45 Horse Collar
16:41 Scale Barding Armor
16:51 Bloodlines
21:14 Forging
25:45 Loom
26:04 Heavy Plow
26:37 Bow Saw
26:43 Heavy Plow
28:01 Wheelbarrow
32:38 Iron Casting
34:47 Husbandry
35:25 Gold Mining
36:27 Chain Barding Armor
40:11 Gold Shaft Mining
40:03 Hand Cart
45:13 Imperial Age
45:16 Elite Steppe Lancer
46:55 Plate Barding Armor
48:37 Blast Furnace
打咩哟~
3:47 Loom
10:34 Feudal Age
13:02 Wheelbarrow
13:08 Horse Collar
14:01 Double-Bit Axe
21:59 Castle Age
20:55 Fletching
22:07 Padded Archer Armor
22:08 Gold Mining
22:09 Crossbowman
22:55 Thumb Ring
27:52 Stone Mining
29:54 Leather Archer Armor
29:34 Bodkin Arrow
30:18 Gold Shaft Mining
29:42 Bodkin Arrow
40:36 Imperial Age
42:02 Conscription
47:08 Ballistics
47:49 Chemistry
51:44 Ring Archer Armor
51:14 Bracer
51:04 Elite Skirmisher
Connection lost

Rejoining the realm…

Still unreachable

The connection could not be restored.

Session expired

The server has moved on; the page needs a fresh start.